 Dungeon Crawl Stone Soup version 0.20-a0-1122-gb7cbeb9 (webtiles) character file.

8 Amnesiac the Chiller (level 2, -3/15 HPs)
             Began as a Deep Elf Ice Elementalist on May 14, 2017.
             Slain by a leopard gecko (5 damage)
             ... on level 1 of the Dungeon.
             The game lasted 00:00:41 (219 turns).

Amnesiac the Chiller (Deep Elf Ice Elementalist)     Turns: 219, Time: 00:00:42

Health: -3/15      AC:  2    Str:  5    XL:     2   Next: 0%
Magic:  0/8        EV: 13    Int: 19    God:
Gold:   24         SH:  0    Dex: 15    Spells: 6/7 levels left

rFire    . . .     SeeInvis .   (no weapon)
rCold    . . .     Gourm    .   (no shield)
rNeg     . . .     Faith    .   a - +0 robe
rPois    .         Spirit   .   (no helmet)
rElec    .         Reflect  .   (no cloak)
rCorr    .         Harm     .   (no gloves)
MR       .....                  (no boots)
Stlth    ++........             (no amulet)
Regen    0.1/turn               (no ring)
MPRegen  0.2/turn               (no ring)

@: no status effects
A: no striking features
a: no special abilities


You were on level 1 of the Dungeon.
You were not hungry.

You visited 1 branch of the dungeon, and saw 1 of its levels.

You collected 24 gold pieces.

Inventory:

Armour
 a - a +0 robe (worn)
 e - +0 pearl dragon scales
Potions
 f - a potion of lignification {!q, unknown}
 g - 2 potions of might {!q, unknown}
 h - a potion of brilliance {!q, unknown}
Books
 b - a book of Frost

   Spells                             Type                      Level
   a - Freeze                         Ice                          1
   b - Throw Frost                    Conjuration/Ice              2
   c - Ozocubu's Armour               Charms/Ice                   3
   d - Throw Icicle                   Conjuration/Ice              4
   e - Summon Ice Beast               Ice/Summoning                4
Comestibles
 c - a bread ration
 d - 5 chunks of flesh


   Skills:
 - Level 2.4 Dodging
 - Level 2.4 Stealth
 - Level 3.0 Spellcasting
   Level 1.1 Conjurations
 + Level 3.9 Ice Magic


You had 6 spell levels left.
You knew the following spells:

 Your Spells              Type           Power        Failure   Level  Hunger
a - Freeze                Ice            ###.         3%          1    None


Dungeon Overview and Level Annotations

Branches:
Dungeon (1/15)

Altars:


Message History

Casting: Freeze
Confirm with . or Enter, or press ? or * to list all spells.
Aiming: Freeze
Press: ? - help, Shift-Dir - straight line, f - rat
Aim: a rat (resting)
You freeze the rat.
You kill the rat!
A leopard gecko and a hobgoblin come into view.
The leopard gecko hisses angrily.
Found 23 bolts and 2 gold pieces.
A rat comes into view.
The hobgoblin shouts!
The rat twitches its whiskers.
The rat barely misses you.
You see here 6 gold pieces.
Casting: Freeze
Confirm with . or Enter, or press ? or * to list all spells.
Aiming: Freeze
Press: ? - help, Shift-Dir - straight line, f - hobgoblin
Aim: a hobgoblin, wielding a club You freeze the rat.
You kill the rat!
The hobgoblin hits you with a club.
Casting: Freeze
Confirm with . or Enter, or press ? or * to list all spells.
Aiming: Freeze
Press: ? - help, Shift-Dir - straight line, f - leopard gecko
Aim: a leopard gecko (clinging)
You freeze the hobgoblin.
The hobgoblin is severely wounded.
The leopard gecko bites you.
Ouch! That really hurt!
* * * LOW HITPOINT WARNING * * *
The leopard gecko bites you.
* * * LOW HITPOINT WARNING * * *
You are too injured to fight recklessly!
Casting: Freeze
Confirm with . or Enter, or press ? or * to list all spells.
Aiming: Freeze
Press: ? - help, Shift-Dir - straight line, f/p - hobgoblin
Aim: a hobgoblin, wielding a club (severely wounded)
You freeze the hobgoblin.
You kill the hobgoblin!
You have reached level 2!
The leopard gecko bites you.
* * * LOW HITPOINT WARNING * * *
Casting: Freeze
Confirm with . or Enter, or press ? or * to list all spells.
Aiming: Freeze
Press: ? - help, Shift-Dir - straight line, f - leopard gecko
Aim: a leopard gecko (clinging)
You freeze the leopard gecko.
The leopard gecko is lightly wounded.
The leopard gecko closely misses you.
Unknown command.
Casting: Freeze
Confirm with . or Enter, or press ? or * to list all spells.
Aiming: Freeze
Press: ? - help, Shift-Dir - straight line, f/p - leopard gecko
Aim: a leopard gecko (lightly wounded, clinging)
You freeze the leopard gecko.
The leopard gecko is almost dead.
The leopard gecko bites you.
You die...

#........######
###.............# #
..'...........#.####.#
###...........)......
.....................
#########...#...###.#
##+##...#
#....#.###.##.#
####.#.@......#
########l###.####
............?...
###..#r##.#.### ....
#$(..# ......†?$#.#
......##.# .. ......
.. .# ..... ##. #


You could see a leopard gecko and a rat.

Vanquished Creatures
  2 bats (D:1)
  3 hobgoblins (D:1)
  2 rats (D:1)
7 creatures vanquished.

Notes
Turn   | Place    | Note
-------+----------+-------------------------------------------
     0 | D:1      | Amnesiac the Deep Elf Ice Elementalist began the quest for the Orb.
     0 | D:1      | Reached XP level 1. HP: 10/10 MP: 6/6
   215 | D:1      | Reached XP level 2. HP: 3/15 MP: 1/8
   219 | D:1      | Slain by a leopard gecko

Vault maps used:
D:1:      evilmike_arrival_come_back, minmay_domino_4

Action                   || total
-------------------------++-------
 Cast: Freeze            ||    11
Armor: Robe              ||     2
Dodge: Dodged            ||     4
